 Dungeon Crawl Stone Soup version 0.29-a0-362-g5854e031c7 (webtiles) character file.

Game seed: 272887052566549024

444 bastard the Covert (level 6, -5/28 HPs)
             Began as a Spriggan Enchanter on Apr 29, 2022.
             Slain by an orc
             ... wielding a +0 war axe
              (6 damage)
             ... on level 4 of the Dungeon.
             The game lasted 00:06:32 (4731 turns).

bastard the Covert (Spriggan Enchanter)             Turns: 4731, Time: 00:06:32

Health: -5/28      AC:  4    Str:  4    XL:     6   Next: 72%
Magic:  11/11      EV: 17    Int: 18    God:
Gold:   198        SH:  0    Dex: 16    Spells: 2/10 levels left

rFire   . . .      SeeInvis +   a - +4 dagger (venom)
rCold   . . .      Faith    .   (no shield)
rNeg    . . .      Spirit   .   b - +0 robe
rPois   .          Reflect  .   (helmet restricted)
rElec   .          Harm     .   j - +1 cloak
rCorr   .          Rampage  .   (gloves unavailable)
Will    +....                   (boots unavailable)
Stlth   ++++......              (no amulet)
HPRegen 0.09/turn               i - ring of wizardry
MPRegen 0.12/turn               (no ring)

@: invisible, very quick
A: very small, no large weapons, unfitting armour, see invisible, speed 3
a: no special abilities


You were on level 4 of the Dungeon.
You visited 1 branch of the dungeon, and saw 4 of its levels.

You collected 198 gold pieces.

Inventory:

Hand Weapons
 a - a +4 dagger of venom (weapon)
Missiles
 l - a throwing net (quivered)
Armour
 b - a +0 robe (worn)
 j - a +1 cloak (worn)
Jewellery
 i - a ring of wizardry (left hand)
Scrolls
 e - a scroll of vulnerability
 h - a scroll of teleportation
 k - a scroll of immolation
 n - a scroll of identify
Potions
 c - a potion of invisibility
 d - a potion of lignification
 f - 3 potions of curing
 g - a potion of cancellation {unknown}
 m - a potion of mutation {unknown}


   Skills:
 - Level 1.1 Short Blades
 - Level 2.6 Dodging
 + Level 10.1 Stealth
 - Level 2.6 Spellcasting
 - Level 6.0 Hexes


You had 2 spell levels left.
You knew the following spells:

 Your Spells              Type           Power      Damage    Failure   Level
a - Ensorcelled Hibernat  Hex/Ice        26%        N/A       3%          2
b - Confusing Touch       Hex            24%        N/A       1%          3
c - Tukima's Dance        Hex            24%        N/A       1%          3

Your spell library contained the following spells:

 Spells                   Type           Power      Damage    Failure   Level
 Dazzling Flash           Conj/Hex       26%        N/A       6%          3


Dungeon Overview and Level Annotations

Branches:
Dungeon (4/15)
 Temple: D:4-7

Altars:


Innate Abilities, Weirdness & Mutations

You are very small and have problems with some larger weapons.
You are too small for most types of armour.
You have supernaturally acute eyesight. (SInv)
You cover ground extremely quickly. (Speed+++)


Message History

You barely miss the jelly.
The jelly is severely wounded.
The jelly completely misses you.
You hit the jelly.
You kill the jelly!
Your Stealth skill increases to level 10!
You hit the orc wizard.
The orc wizard is poisoned.
The orc wizard is lightly wounded.
The orc wizard completely misses you. The orc hits you with a +0 war axe.
An orc priest comes into view. It is wielding a +0 dagger.
No target in view!
There are monsters nearby!
There are monsters nearby!
The orc wizard closely misses you.
You barely miss the orc wizard.
The orc wizard is severely wounded.
The orc wizard misses you. The orc completely misses you.
The orc barely misses you.
You closely miss the orc wizard.
The orc wizard is severely wounded.
The orc wizard closely misses you. The orc closely misses you.
The orc misses you.
You barely miss the orc wizard.
The orc wizard is almost dead.
The orc wizard hits you but does no damage.
The orc barely misses you. The orc closely misses you.
You hit the orc but do no damage.
The orc is poisoned.
The orc wizard closely misses you. The orc hits you with a +0 war axe.
The orc closely misses you.
You hit the orc.
The orc looks as sick as possible!
The orc is lightly wounded.
The orc wizard points at you and mumbles some strange words.
The puff of flame hits you!
* * * LOW HITPOINT WARNING * * *
The orc hits you with a +0 war axe.
* * * LOW HITPOINT WARNING * * *
The orc closely misses you.
You fade into invisibility!
The orc wizard closely misses you. The orc hits you with a +0 war axe.
You die...

#.........####......)#####.
##..#......# ##.......))....
######...##.....###....)###)....#
.....#..###.....##........#######
......#..........##.....)<).#
#.....##....###>........)...#
.......##....##.............#
.............#.o.......<....#
..!............o@.........###
#............#..o.......###
####.......o.##...........#
#.....oo.................
##.........##......###...
#......######.....# .# ##......#
......# # #####.............
#......


You could see an orc wizard (can't see you, poisoned) and 2 orcs.

Vanquished Creatures
  An ogre (D:3)
  A kobold brigand (D:4)
  A jelly (D:4)
  A hound (D:3)
  Terence (D:3)
  Jessica (D:2)
  7 gnolls (D:3)
  2 adders
  4 worms
  4 orcs (D:2)
  9 bats
  7 endoplasms
  4 giant cockroaches
  11 goblins
  5 hobgoblins
  3 quokkas
  6 ball pythons
  15 kobolds
  2 rats (D:3)
85 creatures vanquished.

Vanquished Creatures (others)
  5 fungi (D:4)
5 creatures vanquished.

Grand Total: 90 creatures vanquished

Notes
Turn   | Place    | Note
-------+----------+-------------------------------------------
     0 | D:1      | bastard the Spriggan Enchanter began the quest for the Orb.
     0 | D:1      | Reached XP level 1. HP: 9/9 MP: 5/5
   531 | D:1      | Reached XP level 2. HP: 7/13 MP: 6/6
   534 | D:1      | Learned a level 2 spell: Ensorcelled Hibernation
   781 | D:1      | Found a faded altar of an unknown god.
  2262 | D:2      | Reached skill level 5 in Hexes
  2364 | D:2      | Reached XP level 3. HP: 16/16 MP: 8/8
  2369 | D:2      | Learned a level 3 spell: Confusing Touch
  2374 | D:2      | Noticed Jessica
  2384 | D:2      | Killed Jessica
  2456 | D:2      | Reached XP level 4. HP: 15/21 MP: 5/9
  2738 | D:2      | Reached skill level 5 in Stealth
  2996 | D:3      | Noticed Terence
  3002 | D:3      | Killed Terence
  3003 | D:3      | Reached skill level 6 in Stealth
  3009 | D:3      | Learned a level 3 spell: Tukima's Dance
  3247 | D:3      | Reached XP level 5. HP: 24/24 MP: 10/10
  3363 | D:3      | Reached skill level 7 in Stealth
  3451 | D:3      | Noticed an ogre
  3457 | D:3      | Killed an ogre
  3458 | D:3      | Reached skill level 8 in Stealth
  3527 | D:3      | Reached XP level 6. HP: 23/28 MP: 6/11
  3979 | D:3      | Reached skill level 9 in Stealth
  4708 | D:4      | Reached skill level 10 in Stealth
  4730 | D:4      | HP: 1/28 [orc/+0 war axe (3)]
  4731 | D:4      | Slain by an orc

Illustrated notes

Levels and vault maps discovered:
D:1:      nagdon_arrival_double_spiral, layout_loops_ring,
          shapermc_ecumenical_altar_petra, nrook_mini_vaults,
          nrook_mini_backslash
D:2:      layout_rooms, dk_noncrumbling_3, uniq_jessica
D:3:      layout_basic, grunt_ministairs_15, uniq_terence
D:4:      cheibrodos_thug_alley, layout_cave_pools, serial_column_ruins,
          column_ruins_corridor_straight, column_ruins_open_tiny_water,
          column_ruins_grid_2, column_ruins_open_tiny, column_ruins_open_small,
          column_ruins_open_tiny, chequers_serial_rivers_micro_d,
          uniq_crazy_yiuf_cottage

Skill      XL: |  1  2  3  4  5  6 |
---------------+-------------------+-----
Hexes          | 4 5 6 |  6.0
Stealth        | 6 8 10 | 10.1
Short Blades   | |  1.1
Dodging        | |  2.6
Spellcasting   | |  2.6

Action                   |  1- 3 |  4- 6 || total
-------------------------+-------+-------++-------
Melee: Dagger            |   118 |   148 ||   266
       Punch             |     1 |     3 ||     4
 Cast: Ensorcelled Hiber |     8 |    16 ||    24
       Confusing Touch   |     1 |       ||     1
  Use: Scroll            |     6 |     7 ||    13
       Potion            |       |     1 ||     1
 Stab: Sleeping          |    12 |    20 ||    32
       Distracted        |     1 |       ||     1
       Confused          |     1 |       ||     1
Armor: Robe              |    21 |    20 ||    41
Dodge: Dodged            |    95 |   124 ||   219

Table legend: (Time is in decaauts)
 A = Elapsed time spent in this place.
 B = Non-inter-level travel time spent in this place.
 C = Inter-level travel time spent in this place.
 D = Time resting spent in this place.
 E = Time spent auto-exploring this place.
 F = Levels seen in this place.
 G = Mean time per level.
                   A        B        C        D        E       F      G
               +--------+--------+--------+--------+--------+-----+--------+
         Total |   3844 |   3750 |     94 |      0 |   3126 |   4 |  961.0 |
       Dungeon |   3844 |   3750 |     94 |      0 |   3126 |   4 |  961.0 |
               +--------+--------+--------+--------+--------+-----+--------+

Top non-repeatable levels by time:
     D:1: 1501 daAuts
     D:3: 1154 daAuts
     D:2: 883 daAuts
     D:4: 305 daAuts
